 Dungeon Sprint DCSS version 0.28-a0-851-g8b9cc49659 (webtiles) character file.

Game seed: 18151923788468943114

33 mhtbhm the Skirmisher (level 3, -5/36 HPs)
             Began as a Minotaur Fighter on Nov 15, 2021.
             Slain by an ogre (10 damage)
             ... in the Dungeon (Sprint IX: "|||||||||||||||||||||||||||||").
             The game lasted 00:00:13 (35 turns).

mhtbhm the Skirmisher (Minotaur Fighter)              Turns: 35, Time: 00:00:13

Health: -5/36      AC:  7    Str: 21    XL:     3   Next: 12%
Magic:  2/2        EV:  9    Int:  5    God:
Gold:   0          SH:  4    Dex:  9    Spells: 2/2 levels left

rFire   . . .      SeeInvis .   a - +0 flail
rCold   . . .      Faith    .   c - +0 buckler
rNeg    . . .      Spirit   .   b - +0 scale mail
rPois   .          Reflect  .   (helmet restricted)
rElec   .          Harm     .   (no cloak)
rCorr   .          Rampage  .   (no gloves)
Will    .....      NoTele   +   (no boots)
Stlth   ..........              (no amulet)
HPRegen 0.12/turn               (no ring)
MPRegen 0.08/turn               (no ring)

@: on berserk cooldown, slowed, very slow
A: horns 2, retaliatory headbutt
a: no special abilities


You were in the Dungeon.
You visited 1 branch

Inventory:

Hand Weapons
 a - a +0 flail (weapon)
Armour
 b - a +0 scale mail (worn)
 c - a +0 buckler (worn)
Scrolls
 j - a scroll of blinking
Potions
 d - a potion of might
 e - a potion of curing
 f - a potion of heal wounds
 g - a potion of haste
 h - 2 potions of magic


   Skills:
 + Level 5.4 Fighting
 + Level 4.0 Maces & Flails
 + Level 5.3 Armour
 + Level 5.2 Shields


You had 2 spell levels left.
You didn't know any spells.
Your spell library was empty.

Dungeon Overview and Level Annotations

Branches:
Dungeon (1/1)

Altars:


Innate Abilities, Weirdness & Mutations

You have a pair of horns on your head.
You reflexively headbutt those who attack you in melee.


Message History

The iguana bites you!
You hit the iguana but do no damage.
The iguana is severely wounded.
The iguana barely misses you.
You sock the iguana!
You kill the iguana!
Your Fighting skill increases to level 5!
Your Maces & Flails skill increases to level 3!
Your Armour skill increases to level 5!
Your Shields skill increases to level 5!
You have reached level 2!
You have reached level 3!
Your experience leads to an increase in your attributes!
Increase (S)trength, (I)ntelligence, or (D)exterity?
You feel stronger. The dart slug launches a dart at you.
The slug dart hits you but does no damage.
There is an open door, spattered with blood here.
You see here an iguana corpse.
You hit the dart slug.
The dart slug is moderately wounded.
You sock the dart slug!
The dart slug is almost dead.
The dart slug bites you but does no damage.
You bludgeon the dart slug!!
You kill the dart slug!
Your Maces & Flails skill increases to level 4!
You are no longer berserk.
You are exhausted.
You feel yourself slow down. The ogre barely misses you.
You see here a dart slug corpse.
You sock the ogre!
The ogre is moderately wounded.
The ogre hits you with a +0 giant club!!
Ouch! That really hurt!
* * * LOW HITPOINT WARNING * * *
You barely miss the ogre.
The ogre is moderately wounded.
The ogre hits you with a +0 giant club!
You die...

▓.▓
▓)▓
▓.▓
▓.▓
▓.▓
▓.▓
▓.▓
▓†▓
▓@▓
▓O▓
▓l▓
▓c▓
▓.▓
▓+▓


You could see an ogre, a centaur and an iguana.

Vanquished Creatures
  An iguana (D)
  A dart slug (D)
  A ball python (D)
  A quokka (D)
  A kobold (D)
  2 rats (D)
7 creatures vanquished.

Notes
Turn   | Place    | Note
-------+----------+-------------------------------------------
     0 | D        | mhtbhm the Minotaur Fighter began the quest for the Orb.
     0 | D        | Reached XP level 1. HP: 19/19 MP: 0/0
    22 | D        | Noticed an iguana
    22 | D        | Noticed an ogre
    22 | D        | Noticed an iguana
    22 | D        | Noticed a centaur
    28 | D        | Killed an iguana
    29 | D        | Reached skill level 5 in Fighting
    29 | D        | Reached skill level 5 in Armour
    29 | D        | Reached skill level 5 in Shields
    29 | D        | Reached XP level 2. HP: 27/29 MP: 1/1
    29 | D        | Reached XP level 3. HP: 34/36 MP: 2/2
    35 | D        | Slain by an ogre

Illustrated notes

Levels and vault maps discovered:
D:        linesprint [early_d, line_temple, items_1, d_10, items_2, lair_1,
          lair_end, items_3, orc_1, orc_end, items_4, d_15, swamp_1, shoals_1,
          snake_1, spider_1, d_20, vaults_1, items_5, swamp_end, shoals_end,
          snake_end, spider_end, vaults_end, d_27, items_6, zot_1, zot_end,
          crypt_end, forest_end, elf_end, slime_end, tomb_end, abyss_end,
          pan_hell_end]

Skill      XL: |  1  2  3 |
---------------+----------+-----
Fighting       | 5 |  5.4
Armour         | 5 |  5.3
Shields        | 5 |  5.2
Maces & Flails | 3 4 |  4.0

Action                   || total
-------------------------++-------
Melee: Flail             ||    17
       Headbutt          ||     3
  Use: Potion            ||     1
Armor: Scale mail        ||     5
Dodge: Dodged            ||     3
Block: Buckler           ||     1

Table legend: (Time is in decaauts)
 A = Elapsed time spent in this place.
 B = Non-inter-level travel time spent in this place.
 C = Inter-level travel time spent in this place.
 D = Time resting spent in this place.
 E = Time spent auto-exploring this place.
 F = Levels seen in this place.
 G = Mean time per level.
                   A        B        C        D        E       F      G
               +--------+--------+--------+--------+--------+-----+--------+
         Total |     36 |     36 |      0 |      3 |      0 |   1 |   36.0 |
       Dungeon |     36 |     36 |      0 |      3 |      0 |   1 |   36.0 |
               +--------+--------+--------+--------+--------+-----+--------+

Top non-repeatable levels by time:
       D: 36 daAuts
